 Dungeon Crawl Stone Soup version 0.17.0-22-g5edae84 (webtiles) character file.

279 timbw the Ruffian (level 6, -2/32 HPs)
             Began as a Vine Stalker Fighter on Nov 13, 2015.
             Killed by nerve-wracking pain
             ... invoked by Menkaure
              (13 damage)
             ... on level 7 of the Dungeon.
             The game lasted 00:03:28 (662 turns).

timbw the Ruffian (Vine Stalker Fighter)             Turns: 662, Time: 00:03:28

Health: -2/32      AC:  6    Str: 22    XL:     6   Next: 26%
Magic:  0/7        EV:  7    Int:  8    God:
Gold:   82         SH:  9    Dex: 15    Spells: 0 memorised, 5 levels left

rFire  . . .     SeeInvis .       - Unarmed
rCold  . . .     Clarity  .     a - +0 scale mail
rNeg   + . .     SustAt   .     b - +0 shield
rPois  .         Gourm    .     (no helmet)
rElec  .         Spirit   +     (no cloak)
rCorr  .         Warding  +     (no gloves)
rMut   .         Stasis   .     (no boots)
MR     .....                    c - amulet of warding
Stlth  ..........               (no ring)
                                l - +3 ring of strength

@: very slightly contaminated, hasted, very quick, not resistant to hostile
enchantments, extremely unstealthy
A: fangs 2, regeneration 2, magic shield, antimagic bite, no device heal 3, rot
immunity
a: no special abilities


You were on level 7 of the Dungeon.
You were not hungry.

You visited 1 branch of the dungeon, and saw 7 of its levels.

You collected 82 gold pieces.

Inventory:

Missiles
 m - 2 javelins (quivered)
Armour
 a - a +0 scale mail (worn)
 b - a +0 shield (worn)
Jewellery
 c - an amulet of warding (around neck)
 l - a +3 ring of strength (left hand)
Wands
 k - a wand of frost (20)
 o - a wand of confusion (25)
Scrolls
 h - a scroll of remove curse
Potions
 i - a potion of heal wounds
 j - a potion of agility {unknown}
Comestibles
 d - a bread ration
 f - a slice of pizza
 g - a beef jerky
 n - a royal jelly


   Skills:
 - Level 2.6 Fighting
 - Level 2.4 Armour
 - Level 2.6 Shields
 + Level 6.4 Unarmed Combat


You had 5 spell levels left.
You didn't know any spells.

Dungeon Overview and Level Annotations

Branches:
Dungeon (7/15)
 Temple: D:4-7

Altars:
Fedhas
Qazlal
Ru

Shops:
D:4 [

Annotations:
D:6 Prince Ribbit
D:7 Menkaure, Pikel


Innate Abilities, Weirdness & Mutations

You have extremely sharp teeth.
You heal very quickly.
When hurt, damage is shared between your health and your magic reserves.
Your bite disrupts and absorbs the magic of your enemies.
Potions and wands cannot restore your health.
You are immune to rotting.


Message History

Found a scroll labeled CECVAU CUOFA.
Menkaure, Prince of Dust comes into view.
Menkaure shouts!
Found 15 gold pieces.
An orc comes into view. It is wielding a club.
The orc shouts!
You block the slave's attack.
Menkaure gestures wildly while chanting.
Menkaure seems to speed up.
Something hits you but does no damage.
Read which item? (? for menu, Esc to quit)
Okay, then.
Are you sure you want to abandon this character and quit the game? (Confirm with "yes".)
Okay, then.
Drink which item? (? for menu, Esc to quit)
It was a potion of haste.
You feel yourself speed up. You block its attack.
You are very lightly contaminated with residual magic.
An electric eel comes into view.
Menkaure points at you and mumbles some strange words.
Pain shoots through your body!
You die...

≈PP###.........
♣≈P.!...######
≈≈P..#.....# ♣≈PP
#.....# ♣♣P
#.....#####!.. ≈≈
#.......p.K.# ♣≈
#.....#####.p.
♣♣♣P.####.....#.....
≈≈≈P.?.@.poz.zo..z>.#
;≈P≈.###.o{.p#zz..#.#
≈P≈ #..p..#.o#.# P
#.....#..# #
#...?o....
#####M....# #......
#...$.# .....#


You could see 3 slaves, Menkaure, an electric eel, 3 wights and 4 orcs.

Vanquished Creatures
  An ogre (D:4)
  A giant frog (D:6)
  A scorpion (D:5)
  A hound (D:5)
  A worker ant (D:5)
  An adder skeleton (D:4)
  A worm (D:4)
  4 orcs
  A bat (D:1)
  A hobgoblin (D:1)
  2 giant geckos
15 creatures vanquished.

Notes
Turn   | Place    | Note
--------------------------------------------------------------
     0 | D:1      | timbw the Vine Stalker Fighter began the quest for the Orb.
     0 | D:1      | Reached XP level 1. HP: 11/11 MP: 2/2
   139 | D:4      | Found Juiczamn's Antique Armour Shop.
   167 | D:4      | Noticed an ogre
   181 | D:4      | Killed an ogre
   181 | D:4      | Reached skill level 4 in Unarmed Combat
   181 | D:4      | Reached XP level 2. HP: 1/16 MP: 0/3
   181 | D:4      | Reached XP level 3. HP: 1/19 MP: 0/4
   181 | D:4      | Reached XP level 4. HP: 1/23 MP: 0/5
   286 | D:5      | Entered Level 5 of the Dungeon
   369 | D:5      | Reached skill level 5 in Unarmed Combat
   369 | D:5      | Reached XP level 5. HP: 24/27 MP: 6/6
   387 | D:4      | Noticed an orc wizard
   388 | D:4      | Noticed a worker ant
   388 | D:4      | Noticed an orc priest
   476 | D:5      | Found a stormy altar of Qazlal.
   522 | D:6      | Found a blossoming altar of Fedhas.
   572 | D:6      | Reached skill level 6 in Unarmed Combat
   572 | D:6      | Gained mutation: You heal very quickly. [Vine Stalker growth]
   572 | D:6      | Reached XP level 6. HP: 18/32 MP: 7/7
   585 | D:6      | Noticed a sky beast
   590 | D:6      | Found a sacrificial altar of Ru.
   606 | D:6      | Noticed Prince Ribbit
   652 | D:7      | Noticed Pikel
   657 | D:7      | Noticed Menkaure
   662 | D:7      | Killed from afar by Menkaure

Action                   |  1- 3 |  4- 6 || total
-------------------------+-------+-------++-------
Melee: Unarmed           |    24 |    85 ||   109
Evoke: Wand              |       |     1 ||     1
  Use: Potion            |     1 |     1 ||     2
       Scroll            |       |     3 ||     3
 Stab: Confused          |       |     1 ||     1
